 Dungeon Crawl Stone Soup version 0.29-a0-323-g050149af67 (webtiles) character file.

Game seed: 16912798655702888817

9 Jortsu the Skirmisher (level 2, 22/24 HPs)
             Began as a Demonspawn Fighter on Apr 12, 2022.
             Quit the game on level 1 of the Dungeon.
             The game lasted 00:00:25 (367 turns).

Jortsu the Skirmisher (Demonspawn Fighter)           Turns: 367, Time: 00:00:25

Health: 22/24      AC:  6    Str: 16    XL:     2   Next: 3%
Magic:  2/2        EV:  9    Int:  9    God:
Gold:   7          SH:  4    Dex: 12    Spells: 1/1 levels left

rFire   . . .      SeeInvis .   a - +0 war axe
rCold   . . .      Faith    .   c - +0 buckler
rNeg    . . .      Spirit   .   b - +0 scale mail
rPois   .          Reflect  .   (no helmet)
rElec   .          Harm     .   (no cloak)
rCorr   .          Rampage  .   (no gloves)
Will    .....                   (no boots)
Stlth   ..........              (no amulet)
HPRegen 0.08/turn               (no ring)
MPRegen 0.16/turn               (no ring)

@: no status effects
A: magic regeneration
a: no special abilities


You were on level 1 of the Dungeon.
You visited 1 branch of the dungeon, and saw 1 of its levels.

You collected 7 gold pieces.

Inventory:

Hand Weapons
 a - a +0 war axe (weapon)
Armour
 b - a +0 scale mail (worn)
 c - a +0 buckler (worn)
Scrolls
 e - a scroll of summoning {unknown}
 f - a scroll of fog {unknown}
Potions
 d - a potion of might
 g - a potion of attraction {unknown}


   Skills:
 + Level 3.1 Fighting
 + Level 1.8 Axes
 + Level 2.7 Armour
 + Level 0.6 Dodging
 + Level 2.8 Shields


You had one spell level left.
You didn't know any spells.
Your spell library was empty.

Dungeon Overview and Level Annotations

Branches:
Dungeon (1/15)

Altars:


Innate Abilities, Weirdness & Mutations

You regenerate magic rapidly.


Message History

The rat bites you but does no damage.
Things that are here:
a +0 club; a kobold corpse You slash the rat!
You kill the rat!
You see here a rat corpse.
A frilled lizard comes into view.
The frilled lizard hisses angrily.
A frilled lizard is nearby!
You closely miss the frilled lizard.
The frilled lizard unfolds its giant frill.
The frilled lizard closely misses you.
You slash the frilled lizard!
You kill the frilled lizard!
You see here a frilled lizard corpse.
A goblin comes into view. It is wielding a +0 club.
The goblin shouts!
A goblin is nearby!
The goblin hits you but does no damage.
You slash the goblin!
You kill the goblin!
You see here a +0 club.
Found a stone staircase leading down.
A goblin comes into view. It is wielding a +0 club.
Found a leather armour.
The goblin shouts!
A goblin is nearby!
A bat comes into view.
You block the bat's attack. The goblin closely misses you.
You hit the goblin.
The goblin is severely wounded.
You hit the bat. You block the bat's attack.
The goblin hits you with a +0 club. You block the bat's attack.
You hit the goblin.
You kill the goblin!
You closely miss the bat. The bat hits you but does no damage.
You have reached level 2!
Your demonic ancestry asserts itself...
Your magic begins to regenerate rapidly.
Are you sure you want to abandon this character and quit the game? (Confirm with "yes".)

###### .....# .###.#
.# #.#############
.###....)........#
..##############.####
#.# ##.......# #.#
#.[......# ..#
#..##@#..# ..#
#..#.)#..... .##
#..b......... ##
#...>........ #
#........##### #
#.##....## # #.
#.#..# ### . ..#..#
..# ..#


You could see a bat.

Vanquished Creatures
  A ball python (D:1)
  2 bats (D:1)
  2 goblins (D:1)
  A frilled lizard (D:1)
  2 kobolds (D:1)
  A rat (D:1)
9 creatures vanquished.

Vanquished Creatures (others)
  4 toadstools (D:1)
4 creatures vanquished.

Grand Total: 13 creatures vanquished

Notes
Turn   | Place    | Note
-------+----------+-------------------------------------------
     0 | D:1      | Jortsu the Demonspawn Fighter began the quest for the Orb.
     0 | D:1      | Reached XP level 1. HP: 18/18 MP: 1/1
   367 | D:1      | Gained mutation: You regenerate magic rapidly. [demonic
                  | ancestry]
   367 | D:1      | Reached XP level 2. HP: 22/24 MP: 2/2
   367 | D:1      | Quit the game

Illustrated notes

Levels and vault maps discovered:
D:1:      ldierk_walled_garden_2, layout_loops_cross

Action                   || total
-------------------------++-------
Melee: War axe           ||    29
Armor: Scale mail        ||    20
Dodge: Dodged            ||    18
Block: Buckler           ||     9

Table legend: (Time is in decaauts)
 A = Elapsed time spent in this place.
 B = Non-inter-level travel time spent in this place.
 C = Inter-level travel time spent in this place.
 D = Time resting spent in this place.
 E = Time spent auto-exploring this place.
 F = Levels seen in this place.
 G = Mean time per level.
                   A        B        C        D        E       F      G
               +--------+--------+--------+--------+--------+-----+--------+
         Total |    380 |    380 |      0 |      0 |    302 |   1 |  380.0 |
       Dungeon |    380 |    380 |      0 |      0 |    302 |   1 |  380.0 |
               +--------+--------+--------+--------+--------+-----+--------+

Top non-repeatable levels by time:
     D:1: 380 daAuts
